[Event "*** Titled Tuesday Blitz"]
[Site "Chess.com"]
[Date "2021.02.16"]
[Round "9"]
[White "korbul"]
[Black "Danfii"]
[Result "1-0"]
[WhiteElo "2578"]
[BlackElo "2415"]
[TimeControl "180+1"]
[EndTime "11:48:59 PST"]
[Termination "korbul won on time"]

1. d4 Nf6 2. c4 e6 3. Nf3 b6 4. g3 Ba6 5. Nbd2 d5 6. cxd5 exd5 7. Bg2 Be7 8. O-O O-O 9. Re1 c5 10. Ne5 Bb7 11. dxc5 bxc5 12. Ndc4 Nbd7 13. Nxd7 Qxd7 14. Na5 Ba6 15. Bg5 Rfd8 16. Nb3 Rac8 17.
Rc1 Qb5 18. Qc2 Qb6 19. Red1 d4 20. Bh3 Rb8 21. Nxc5 Bxc5 22. Qxc5 Qxc5 23. Rxc5 Ne4 24. Bxd8 Nxc5 25. Rxd4 Bxe2 26. b3 Ne6 27. Bxe6 fxe6 28. f4 Bf3 29. Bc7 Rc8 30. Rd7 Bd5 31. Re7 Rf8 32.
Bd6 a5 33. Kf2 g6 34. Ke3 Rf7 35. Re8+ Kg7 36. Be5+ Kh6 37. g4 a4 38. bxa4 Ra7 39.
Bd6 Kg7 40. Re7+ Rxe7 41. Bxe7 Bxa2 42. a5 Kf7 43. Bg5 Bc4 44. Kd4 Be2 45. h3 Ke8 46. Ke5 Bc4 47. Kf6 Kf8 48. Bh6+ Kg8 49. g5 Kh8 50. h4 Kg8 51. Ke7 Kh8 52. Kd6 Kg8 53.
Kc5 Bd3 54. Kb6 Kf7 55. a6 Be4 56. a7 Ke7 57. Kc7 Bf3 58. Bg7 1-0

[Event "*** Titled Tuesday Blitz"]
[Site "Chess.com"]
[Date "2021.02.16"]
[Round "9"]
[White "LamaChampetre"]
[Black "akhairat"]
[Result "0-1"]
[WhiteElo "2192"]
[BlackElo "2337"]
[TimeControl "180+1"]
[EndTime "11:48:59 PST"]
[Termination "akhairat won by checkmate"]

1. d4 e5 2. dxe5 f6 3. Nf3 Nc6 4. e4 Bb4+ 5. c3 Bc5 6. Bc4 Qe7 7. O-O Nxe5 8. Nxe5 fxe5 9. Nd2 Nf6 10. Nf3 d6 11. Bg5 Be6 12. Qb3 Bxc4 13. Qxc4 h6 14. Bxf6 Qxf6 15. Qb5+ Kf7 16. Qxb7 Bb6 17. Qd5+ Kg6 18.
a4 a5 19. b4 Rhf8 20. c4 axb4 21. a5 Bc5 22. Qd3 Qf4 23. a6 Kh7 24. Ra2 Rf6 25. Rd1 Rg6 26. g3 Rf8 27. Kg2 Qg4 28.
a7 Rgf6 29. a8=Q Rxf3 30. Qxf8 Rxf8 31. Rb2 Rf6 32. f3 Qg5 33. Re2 Rg6 34. Qd2 Qh5 35.
Qd5 Rf6 36. Qd3 Qg5 37. Rf1 h5 38. Qd2 Qg6 39. f4 Bd4 40. f5 Qf7 41. Qd3 Qe8 42.
Qd2 Qa4 43. Qd3 b3 44. Qf3 b2 45. Qxh5+ Rh6 46. Qf3 Qa1 47. Ree1 Qa4 48. Rb1 Qd7 49.
f6 Qh3+ 50. Kh1 Qxh2# 0-1

[Event "*** Titled Tuesday Blitz"]
[Site "Chess.com"]
[Date "2021.02.16"]
[Round "9"]
[White "StockholmMissile"]
[Black "PavelShkapenko"]
[Result "0-1"]
[WhiteElo "2530"]
[BlackElo "2704"]
[TimeControl "180+1"]
[EndTime "11:49:01 PST"]
[Termination "PavelShkapenko won on time"]

1. d4 Nf6 2. c4 e6 3. Nf3 Bb4+ 4. Bd2 Qe7 5. g3 Nc6 6. Nc3 Bxc3 7. Bxc3 Ne4 8. Rc1 O-O 9. Bg2 d6 10. d5 Nxc3 11.
Rxc3 Nb8 12. dxe6 fxe6 13. O-O Nd7 14. Qc2 Nf6 15. c5 d5 16. Ne5 Nd7 17. Nxd7 Bxd7 18.
f4 Qf6 19. Re3 Rae8 20. Re5 Bc6 21. e3 a5 22. b3 Qd8 23. Qc3 Rf5 24. Rd1 Rxe5 25.
Qxe5 Qf6 26. Bh3 Qxe5 27. fxe5 Kf7 28. Rf1+ Ke7 29. Rf4 b6 30. cxb6 cxb6 31. Rf1 Bb7 32. Rc1 Kd7 33. Bg4 Rf8 34. h4 g5 35. h5 h6 36. Rc2 Ba6 37. Rc1 Bd3 38. Kg2 Bf5 39. Bf3 Bh3+ 40. Kxh3 Rxf3 41. Re1 Rf5 42. Kg4 Rxe5 43. Kf3 Rf5+ 44. Ke2 g4 45. Rh1 Rf3 46. Rg1 e5 47. Rd1 Kd6 48. Rg1 Rf5 49. Rh1 b5 50. Rh4 Rg5 51. Rh1 Ke6 52. Kd3 Kd6 53. Ke2 b4 54. Kd3 e4+ 55. Kd4 Rf5 56. Rd1 Rf2 0-1

[Event "*** Titled Tuesday Blitz"]
[Site "Chess.com"]
[Date "2021.02.16"]
[Round "9"]
[White "Piotrek1979"]
[Black "picturesquecheck"]
[Result "1-0"]
[WhiteElo "2402"]
[BlackElo "2256"]
[TimeControl "180+1"]
[EndTime "11:49:02 PST"]
[Termination "Piotrek1979 won by resignation"]

1. e4 c5 2. Nf3 Nc6 3. d4 cxd4 4.
Nxd4 Nf6 5. Nc3 d6 6. Bg5 e6 7.
Qd2 a6 8. O-O-O h6 9. Be3 Bd7 10. f3 Be7 11. g4 b5 12. Nxc6 Bxc6 13. Ne2 Rc8 14. Nd4 Bb7 15. Kb1 Qc7 16. h4 Nd7 17. Bh3 Ne5 18. g5 Nc4 19. Qf2 Nxe3 20. Qxe3 d5 21. e5 Bc5 22. g6 O-O 23. gxf7+ Kh8 24. Bxe6 Bxd4 25. Qxd4 Qxc2+ 26. Ka1 Rc4 27. Qd2 Qg6 28.
Bxd5 Bxd5 29. Qxd5 Rxf7 30. e6 Re7 31. Qd8+ Re8 32. e7 Kh7 33. Rhg1 Qf7 34. Rde1 Ra4 35. Qd3+ Kh8 36. b3 Rf4 37. Rg3 Qf6+ 38. Kb1 Rxh4 39.
Rg6 Qf7 40. Rge6 Rh2 41. Qc3 Kh7 42. Ka1 Qf5 43. R6e5 Qf6 44. Qd3+ Kh8 45. Kb1 Rxe7 46. Qd8+ Kh7 47. Qxe7 Qxf3 48. R5e3 Qf2 49. Qe4+ Kh8 50. Qe8+ Kh7 51. Qe4+ Kh8 52. R3e2 Qf6 53. Qe8+ Kh7 54. Qe4+ g6 55. Rxh2 1-0

[Event "*** Titled Tuesday Blitz"]
[Site "Chess.com"]
[Date "2021.02.16"]
[Round "9"]
[White "Markov_Mikhail"]
[Black "dretch"]
[Result "1/2-1/2"]
[WhiteElo "2717"]
[BlackElo "2846"]
[TimeControl "180+1"]
[EndTime "11:49:04 PST"]
[Termination "Game drawn by repetition"]

1. c4 c6 2. Nf3 d5 3. e3 Bf5 4. Nc3 e6 5. d4 Nd7 6. Bd3 Bxd3 7.
Qxd3 Bb4 8. O-O Ngf6 9. Nd2 O-O 10. e4 Bxc3 11. bxc3 dxe4 12. Nxe4 Nxe4 13. Qxe4 Qa5 14. Qf3 Rac8 15. a4 b6 16. Rd1 Qa6 17. c5 bxc5 18.
dxc5 Rfd8 19. Bg5 Ne5 20. Rxd8+ Rxd8 21. Qg3 Qxa4 22. Rf1 Rd5 23. Bf6 g6 24. Bxe5 Rd1 25.
Qe3 Rxf1+ 26. Kxf1 Qb5+ 27. Ke1 Qb1+ 28. Ke2 Qc2+ 29. Kf3 Qf5+ 30. Kg3 h5 31. h3 g5 32. Bd4 a5 33. c4 h4+ 34. Kh2 a4 35. Qe5 Qxe5+ 36.
Bxe5 Kh7 37. g4 hxg3+ 38. fxg3 Kg6 39. Bb2 Kf5 40. Kg2 Ke4 41. Kf2 f5 42. h4 gxh4 43. gxh4 Kf4 44. Bf6 Kg4 45. Ke3 f4+ 46. Kf2 Kf5 47. Bb2 e5 48. h5 e4 49. h6 Kg6 50.
Bg7 Kh7 51. Kg2 Kg6 52. Kh3 a3 53. Kg4 e3 54. Kf3 a2 55. Ke2 Kh7 56. Kf3 Kg6 57. Ke2 Kh7 58. Kd3 Kg6 59. Ke2 1/2-1/2

[Event "*** Titled Tuesday Blitz"]
[Site "Chess.com"]
[Date "2021.02.16"]
[Round "9"]
[White "AlexSuv"]
[Black "northridgehawk"]
[Result "1-0"]
[WhiteElo "2452"]
[BlackElo "2337"]
[TimeControl "180+1"]
[EndTime "11:49:04 PST"]
[Termination "AlexSuv won by checkmate"]

1. d4 f5 2. g3 Nf6 3. Bg2 g6 4. Nf3 Bg7 5. O-O O-O 6. c4 c6 7. Nc3 d6 8. Rb1 a5 9. a3 Na6 10. b4 axb4 11. axb4 e5 12. dxe5 Ng4 13. b5 Nc5 14. bxc6 dxe5 15. cxb7 Bxb7 16. h3 e4 17. Ng5 Ne5 18. Nd5 Nxc4 19. Rxb7 Nxb7 20. Ne6 Qd6 21.
Nxf8 Rxf8 22. Ne3 Qxd1 23. Rxd1 Nxe3 24. Bxe3 Rd8 25. Rb1 Nd6 26. g4 Nc4 27. Bg5 Rd7 28. gxf5 gxf5 29. h4 Be5 30. Bh3 Nd6 31. Rd1 Rg7 32.
Kh1 Kf7 33. f4 exf3 34. exf3 Ke6 35. Re1 Kd5 36. Bg2 f4 37. Bh3 Nc4 38. Rd1+ Kc5 39. Rc1 Kb4 40. Bf5 Ne3 41. Be4 h6 42. Bxh6 Rg3 43. Bg5 Bd4 44. Kh2 Rg2+ 45. Kh3 Rf2 46. Rb1+ Kc3 47. Be7 Nc4 48. Rc1+ Kb3 49. Bd5 Bc3 50.
Bxc4+ Kxc4 51. Bf6 Rxf3+ 52. Kg4 Rd3 53. Rxc3+ Rxc3 54. Bxc3 Kxc3 55. Kxf4 Kc4 56. Kf5 Kd5 57. Kg6 Kc5 58. h5 Kd6 59. h6 Ke7 60. h7 Kf8 61. h8=Q+ Ke7 62. Qd4 Ke6 63. Kg5 Kf7 64. Qb6 Ke7 65.
Qc6 Kf8 66. Qd7 Kg8 67. Kg6 Kh8 68. Qd8# 1-0

[Event "*** Titled Tuesday Blitz"]
[Site "Chess.com"]
[Date "2021.02.16"]
[Round "9"]
[White "Andrakhanova"]
[Black "SanQui14"]
[Result "1-0"]
[WhiteElo "2280"]
[BlackElo "2411"]
[TimeControl "180+1"]
[EndTime "11:49:05 PST"]
[Termination "Andrakhanova won on time"]

1. c4 Nf6 2. Nc3 g6 3. g3 Bg7 4.
Bg2 O-O 5. Nf3 d6 6. d4 c6 7. O-O Qa5 8. d5 cxd5 9. cxd5 Na6 10. e4 Bg4 11. Be3 Nc5 12. h3 Bxf3 13. Bxf3 Qb4 14.
Qc2 Rac8 15. a3 Qb6 16. Na4 Qb5 17. Nxc5 dxc5 18. Be2 Qa5 19. f4 Rfd8 20. Rfd1 a6 21. Bf3 Nd7 22. e5 b5 23. Qf2 c4 24. e6 Nf6 25. Bb6 Qa4 26. Bxd8 Rxd8 27. exf7+ Kxf7 28. d6 exd6 29. Qb6 Re8 30. Rxd6 Qb3 31. Qb7+ Kf8 32. Rad1 Qe3+ 33. Kg2 Re7 34. Rd8+ Kf7 35. R8d7 Nxd7 36. Rxd7 Bf6 37. Bd5+ Kg7 38. Rxe7+ Bxe7 39. h4 Qe2+ 40. Kg1 h5 41. Bf3 Qe3+ 42. Kg2 Kf8 43. Qa8+ Kf7 44.
Qd5+ Qe6 45. Qd4 Bf6 46. Qa7+ Qe7 47. Qxa6 Bxb2 48. Qxb5 c3 49. Qc4+ Kg7 50. Qd4+ Kh7 51.
Qc4 Qxa3 52. Qf7+ Kh6 53. Be4 Qd6 54. Qg8 1-0

[Event "*** Titled Tuesday Blitz"]
[Site "Chess.com"]
[Date "2021.02.16"]
[Round "9"]
[White "NikolaN98"]
[Black "Grandelicious"]
[Result "0-1"]
[WhiteElo "2501"]
[BlackElo "2875"]
[TimeControl "180+1"]
[EndTime "11:49:09 PST"]
[Termination "Grandelicious won on time"]

1. f4 g6 2. Nf3 Bg7 3. d3 d5 4. e3 Nd7 5. Be2 e5 6. O-O exf4 7. exf4 Ne7 8. Nc3 O-O 9. f5 d4 10. Ne4 Nxf5 11. Qe1 Ne3 12. Bxe3 dxe3 13. c3 Nb6 14. d4 Re8 15. Nc5 Rb8 16. Qg3 Qd6 17. Qh4 h6 18. Rae1 Bf5 19. g4 g5 20. Qh3 Bg6 21.
Bd1 Nd5 22. Qg3 Nf4 23. Bb3 b6 24. Na6 Rbd8 25. Kh1 e2 26. Rg1 Nd3 27. Qg2 Nxe1 28. Rxe1 Qf4 29. Kg1 Re3 30. Kf2 Rde8 31. Qg3 Qxg3+ 32.
hxg3 R8e7 33. Nb4 c5 34. Nd5 cxd4 35. Nxe7+ Rxe7 36. Rxe2 Rxe2+ 37. Kxe2 dxc3 38. bxc3 Bxc3 39. Ke3 Kg7 40. Nd4 Bxd4+ 41. Kxd4 Kf6 42. Bc4 Ke7 43. Ke5 f6+ 44. Kd4 Kd6 45. a3 Be8 46. Bd3 Bd7 47.
Be2 a5 48. Bf3 b5 49. Be2 Bc6 50. Bd1 Be8 51. Be2 Kc6 52. Bd1 Bf7 53. Be2 b4 54.
axb4 axb4 55. Bd1 Kd6 56. Bc2 b3 57. Bb1 Be6 58. Kd3 Ke5 59. Kc3 Bxg4 60. Kxb3 Kd4 0-1

[Event "*** Titled Tuesday Blitz"]
[Site "Chess.com"]
[Date "2021.02.16"]
[Round "9"]
[White "Vugar_Manafov"]
[Black "eljanov"]
[Result "0-1"]
[WhiteElo "2661"]
[BlackElo "2844"]
[TimeControl "180+1"]
[EndTime "11:49:10 PST"]
[Termination "eljanov won by resignation"]

1. Nf3 d5 2. g3 Bg4 3. Bg2 c6 4. O-O e6 5. d3 Bd6 6. Nbd2 Ne7 7. e4 Nd7 8. b3 O-O 9. Bb2 a5 10. a4 Qc7 11. h3 Bh5 12. Qe2 f6 13. exd5 exd5 14.
Rfe1 Rfe8 15. Nf1 Ne5 16. Bxe5 fxe5 17. g4 Bf7 18. Ng3 Ng6 19. Nf5 Bf8 20. Ng5 Nf4 21. Qf3 g6 22. Ng3 Bh6 23. Nxf7 Qxf7 24. h4 Rf8 25. Kh2 Rae8 26. g5 Bg7 27. Rad1 Qc7 28. Qg4 Nh5 29. Kg1 Rf4 30. Qe2 Rxh4 31. Bf3 Nf4 32. Qe3 Qd8 33. c4 Qxg5 34. cxd5 Rh3 35. Bg2 Qh4 36. dxc6 Rh2 37. Bf3 bxc6 38. d4 Rf8 39.
dxe5 Rxf2 40. Kxf2 Qh2+ 41. Kf1 Qh3+ 42. Kf2 Qh2+ 43. Kf1 Qxg3 44. Qf2 Qh3+ 45. Kg1 Rf5 46. Rd8+ Bf8 47. Bg2 Qg4 48. Qf3 Qh4 49. Rdd1 Nxg2 50. Qxg2 Rg5 51. Qxg5 Qxg5+ 52. Kf1 Qf4+ 53. Kg2 Qg4+ 54.
Kh2 Be7 55. e6 h5 56. Rg1 Qf4+ 57. Kg2 Kg7 58. Rd3 Kh6 59. Rf3 Qg4+ 60. Kf1 Qxf3+ 0-1

[Event "*** Titled Tuesday Blitz"]
[Site "Chess.com"]
[Date "2021.02.16"]
[Round "9"]
[White "TigrVShlyape"]
[Black "csati17"]
[Result "1-0"]
[WhiteElo "2893"]
[BlackElo "2587"]
[TimeControl "180+1"]
[EndTime "11:49:11 PST"]
[Termination "TigrVShlyape won by resignation"]

1. e4 e6 2. Qe2 b6 3. g3 Ba6 4. d3 Nc6 5. Nf3 d5 6. Bg2 Nf6 7. e5 Nd7 8. O-O h6 9. c4 Nc5 10. Nc3 Qd7 11. Rd1 O-O-O 12. Rb1 Nb4 13. b3 d4 14. Ne4 Nxe4 15. Qxe4 Bb7 16. Qe2 c5 17. a3 Nc6 18. Bd2 a5 19. Ne1 g5 20.
Nc2 Qc7 21. Re1 Bg7 22. f4 gxf4 23. Bxf4 Bf8 24. Bd2 Bg7 25. Bf4 Bf8 26. Qh5 Rg8 27. Re2 Rg6 28. Rf1 Ne7 29. Bxb7+ Qxb7 30. b4 Nf5 31. bxa5 bxa5 32. Ree1 Qb3 33. Qe2 Kc7 34. Rb1 Qa4 35. Qe4 Qc6 36. Qxc6+ Kxc6 37. a4 h5 38. Rb5 h4 39. Kf2 hxg3+ 40. hxg3 Bh6 41. Rfb1 Bxf4 42. gxf4 Rh6 43. Rb6+ Kd7 44. Rb7+ Ke8 45. Rg1 Rh2+ 46. Rg2 Rxg2+ 47. Kxg2 Ne7 48. Na3 Nc6 49.
Kf3 Rd7 50. Rb6 Nb4 51. Ke4 Rc7 52. Nb5 Rc6 53. Rb7 Na2 54. Nd6+ Kd8 55. Nxf7+ Kc8 56. Ra7 Nc3+ 57. Kf3 Nxa4 58. Nd6+ Kb8 59. Rxa5 Nc3 60. f5 exf5 61. Kf4 Rb6 62. Kxf5 Rb1 63. e6 Rf1+ 64. Ke5 Re1+ 65. Kf6 Rf1+ 66. Nf5 Ne2 67. e7 1-0

[Event "*** Titled Tuesday Blitz"]
[Site "Chess.com"]
[Date "2021.02.16"]
[Round "9"]
[White "McCarthyStone"]
[Black "HouseOfDurin"]
[Result "1-0"]
[WhiteElo "2381"]
[BlackElo "2163"]
[TimeControl "180+1"]
[EndTime "11:49:11 PST"]
[Termination "McCarthyStone won by checkmate"]

1. g3 c5 2. Bg2 Nc6 3. c4 g6 4.
Nc3 Bg7 5. e4 d6 6. Nge2 e5 7. O-O Nge7 8. d3 O-O 9. a3 a5 10.
Rb1 h6 11. Nd5 Nxd5 12. cxd5 Nd4 13. Nxd4 cxd4 14. b4 a4 15. b5 b6 16. f4 f5 17.
fxe5 dxe5 18. Bd2 fxe4 19. dxe4 Rxf1+ 20. Qxf1 Bf8 21. Bb4 Bd7 22. Bh3 Bxb4 23. Rxb4 Rc8 24. Bxd7 Qxd7 25. Rc4 Rf8 26. Qc1 Qf7 27. Rc6 Qf2+ 28.
Kh1 Qf3+ 29. Kg1 Qxe4 30. Rxb6 d3 31. Rc6 Qd4+ 32. Kg2 Qxd5+ 33. Kh3 e4 34. Rxg6+ Kf7 35. Qxh6 Qf5+ 36. g4 Qf3+ 37. Kh4 Qf2+ 38. Kg5 Qe3+ 39. Kf5 Ke7+ 40. Ke5 Qc5+ 41. Kxe4 Qc4+ 42. Ke3 Qc1+ 43. Kxd3 Qxh6 44. Rxh6 Rf3+ 45. Kc4 Rxa3 46. Ra6 Ra1 47. h4 Kd7 48. h5 Rg1 49. h6 Rxg4+ 50. Kc5 Rg5+ 51. Kb4 Rg4+ 52. Ka3 Rh4 53. h7 Kc7 54.
Rxa4 Kb6 55. Rxh4 Kxb5 56. h8=Q Kc6 57. Qh5 Kd6 58. Rg4 Ke6 59. Rg6+ Kf7 60. Qh7+ Kf8 61.
Rg8# 1-0

[Event "*** Titled Tuesday Blitz"]
[Site "Chess.com"]
[Date "2021.02.16"]
[Round "9"]
[White "mary-sanna"]
[Black "Grineva_Marianna"]
[Result "0-1"]
[WhiteElo "2049"]
[BlackElo "2236"]
[TimeControl "180+1"]
[EndTime "11:49:11 PST"]
[Termination "Grineva_Marianna won by checkmate"]

1. d4 d6 2. e4 Nf6 3. Nc3 g6 4. Bf4 Nc6 5. Qd2 a6 6. f3 b5 7. O-O-O Bb7 8. Bh6 e5 9. Bxf8 Rxf8 10. dxe5 Nxe5 11. Nh3 Qd7 12. Qg5 Qe7 13. Nf2 O-O-O 14. Kb1 Rfe8 15. Be2 Nfd7 16. Qxe7 Rxe7 17. Nd5 Ree8 18.
h3 c6 19. Nc3 Nb6 20. Ng4 h5 21. Nxe5 Rxe5 22. Rd2 Kc7 23. Rhd1 Bc8 24. a3 f5 25. Bd3 f4 26. Ne2 g5 27. Nd4 Nd7 28. Nf5 Nc5 29. b4 Nxd3 30. Rxd3 Bxf5 31. exf5 Rxf5 32. Re1 Rd7 33. Rd4 c5 34. bxc5 dxc5 35. Rde4 Rfd5 36. Re6 R5d6 37. R6e5 Rd5 38. Re6 R7d6 39. Re7+ Kc6 40. Rh7 c4 41. Ree7 Kc5 42. Rxh5 Kd4 43. Kb2 c3+ 44. Kb3 a5 45. a4 bxa4+ 46. Kxa4 Rc5 47. Rg7 Rb6 48. Rgxg5 Rc4+ 49. Ka3 Rb2 50. Rd5+ Ke3 51. Rb5 Rxc2 52. Rxa5 Rb2 53. Rab5 Rxb5 54. Rxb5 c2 55. Re5+ Kf2 56. Rd5 c1=Q+ 57. Kb3 Qc2+ 58. Ka3 Ra4# 0-1

[Event "*** Titled Tuesday Blitz"]
[Site "Chess.com"]
[Date "2021.02.16"]
[Round "9"]
[White "DonPreuss"]
[Black "JiiHart"]
[Result "1/2-1/2"]
[WhiteElo "2249"]
[BlackElo "2116"]
[TimeControl "180+1"]
[EndTime "11:49:13 PST"]
[Termination "Game drawn by stalemate"]

1. d4 Nf6 2. Nc3 e6 3. e4 d5 4. exd5 exd5 5. Bd3 Bd6 6. Nge2 c6 7. Bf4 O-O 8. Qd2 b5 9. O-O a5 10. Nd1 a4 11. c3 Re8 12. Ng3 a3 13. b3 Bxf4 14.
Qxf4 Nbd7 15. Nf5 Nf8 16. Nde3 Ng6 17. Qg5 Ne4 18. Qh5 Qg5 19. Qxg5 Nxg5 20. Nd6 Rf8 21. Nxc8 Raxc8 22. f4 Ne4 23. f5 Ne7 24. Bxe4 dxe4 25.
f6 Nd5 26. fxg7 Kxg7 27. Nf5+ Kh8 28. c4 Nc3 29. Nd6 Rc7 30. Rfe1 Re7 31. Re3 b4 32. Nf5 Rd7 33. h4 f6 34. h5 Kg8 35. h6 Kf7 36. Rg3 Rg8 37. Rg7+ Rxg7 38. hxg7 Kg8 39. Kf2 Rxg7 40. Nxg7 Kxg7 41. Ke3 f5 42. Kf4 Kf6 43. g4 fxg4 44. Kxg4 Ke6 45. Kf4 Kf6 46. Rh1 Kg6 47. Rg1+ Kf6 48. d5 cxd5 49. cxd5 Nxd5+ 50. Kxe4 Nc3+ 51. Kd4 Nxa2 52. Kc4 h5 53. Rg2 Nc1 54.
Kxb4 a2 55. Rxa2 Nxa2+ 56. Kc4 h4 57. Kd3 Nb4+ 58. Ke3 Kg5 59. Kf2 Kg4 60. Kg2 h3+ 61. Kh2 Kh4 62. Kg1 Kg3 63. Kh1 h2 1/2-1/2

[Event "*** Titled Tuesday Blitz"]
[Site "Chess.com"]
[Date "2021.02.16"]
[Round "9"]
[White "ChessQueen"]
[Black "AryanTari"]
[Result "1-0"]
[WhiteElo "2749"]
[BlackElo "2892"]
[TimeControl "180+1"]
[EndTime "11:49:14 PST"]
[Termination "ChessQueen won on time"]

1. e4 c6 2. Nc3 d5 3. Nf3 dxe4 4. Nxe4 Nf6 5. Qe2 Nxe4 6. Qxe4 Nd7 7. Bc4 Nf6 8. Ne5 e6 9. Qe2 b5 10. Bb3 Bd6 11. a4 Qc7 12. d4 a6 13. O-O O-O 14. c3 Rb8 15. Bc2 Nd7 16. f4 f5 17. axb5 axb5 18. Nf3 Nf6 19. Ne5 c5 20. dxc5 Bxc5+ 21. Be3 Bb7 22. Bb3 Rfe8 23. Bxc5 Qxc5+ 24. Qf2 Ne4 25. Qxc5 Nxc5 26. Bc2 Bd5 27. Ra7 Rec8 28. g3 Na4 29.
Rb1 Nb6 30. Kf2 Nc4 31. Nxc4 bxc4 32. Ke3 Rd8 33. Ra2 Rb6 34. Rd1 Rdb8 35. Bxf5 Rxb2 36. Rxb2 Rxb2 37. Bg4 Rc2 38. Kd4 Rxh2 39. f5 Kf7 40. fxe6+ Bxe6 41. Rf1+ Ke7 42. Re1 Rd2+ 43. Kc5 Rd3 44. Rxe6+ Kf7 45. Re4 Rxc3 46. Be6+ Kf6 47. g4 Rg3 48. Bxc4 g6 49. Kd6 Kg5 50. Be6 Rd3+ 51.
Ke5 Rd8 52. Rc4 h5 53. gxh5 gxh5 54. Rc7 Kh4 55. Rg7 Rf8 56. Bf5 Rb8 57. Kf4 Rb4+ 58. Be4 Rb2 59. Rg1 Rh2 60. Rg7 Rf2+ 61. Bf3 Rb2 62.
Rg1 Rh2 63. Rg5 1-0

[Event "*** Titled Tuesday Blitz"]
[Site "Chess.com"]
[Date "2021.02.16"]
[Round "9"]
[White "marianokar"]
[Black "PotapovaM"]
[Result "1-0"]
[WhiteElo "2464"]
[BlackElo "2576"]
[TimeControl "180+1"]
[EndTime "11:49:14 PST"]
[Termination "marianokar won by checkmate"]

1. e4 c5 2. Nf3 d6 3. Bc4 Nf6 4. d3 g6 5. c3 Bg7 6. Bb3 O-O 7. O-O Nc6 8. Nbd2 a6 9. Re1 b5 10. Nf1 e6 11. d4 cxd4 12. cxd4 Na5 13. Bc2 Bb7 14.
Ng3 Rc8 15. Bd3 Nd7 16. b3 Nc6 17. Bb2 Nb4 18. Bb1 Qc7 19. Re2 a5 20. a3 Nc6 21.
Bd3 b4 22. a4 Qb6 23. Bb5 Nf6 24. Rc1 h5 25. h3 h4 26. Nxh4 Na7 27. Rxc8 Rxc8 28.
Bd3 Nd7 29. Nf3 Nc6 30. Bb5 Nf6 31. Rc2 Rd8 32. Qc1 Na7 33. Bd3 Ne8 34. Qe3 Nc6 35. h4 Nf6 36. Qg5 Nh7 37. Qb5 Qxb5 38. axb5 Nb8 39.
Rc7 Rd7 40. b6 Bf6 41. Bb5 Re7 42. e5 dxe5 43. dxe5 Rxc7 44. bxc7 Na6 45. Bxa6 Bxa6 46. exf6 Nf8 47. Ne5 Bb7 48. Bd4 a4 49. bxa4 b3 50. Ne2 Bc8 51. Bb2 Nh7 52. Nc6 Kf8 53. Ne7 Bd7 54. c8=Q+ Bxc8 55. Nxc8 g5 56. hxg5 Nxg5 57. a5 Ne4 58. a6 Kg8 59. a7 Kh7 60. a8=Q Nd2 61.
Qb7 Nc4 62. Qxb3 e5 63. Qxc4 e4 64. Qxf7+ Kh6 65. Qg7+ Kh5 66. Nf4+ Kh4 67. Qg3# 1-0

[Event "*** Titled Tuesday Blitz"]
[Site "Chess.com"]
[Date "2021.02.16"]
[Round "9"]
[White "lamomiablanca"]
[Black "Grieve72"]
[Result "0-1"]
[WhiteElo "2309"]
[BlackElo "2474"]
[TimeControl "180+1"]
[EndTime "11:49:15 PST"]
[Termination "Grieve72 won by resignation"]

1. e4 c5 2. d3 Nc6 3. g3 e6 4. Nf3 Nf6 5. Bg2 d6 6. O-O Be7 7. Re1 O-O 8. c3 Bd7 9. Nbd2 Qc7 10. Nf1 Rac8 11. Bf4 Ne5 12. Re2 Bb5 13. Ne1 Rfd8 14. h3 h6 15. a4 Ba6 16. Be3 Nc6 17. f4 d5 18. e5 Nd7 19. Bf2 b6 20. Nf3 Nf8 21. Rd2 d4 22. c4 Bb7 23. Re2 Nb4 24. Be1 Nc6 25. N1d2 a5 26. Ne4 Rd7 27. h4 h5 28.
Nfg5 g6 29. Rf2 Bd8 30. Bd2 Ne7 31. g4 hxg4 32. Qxg4 Nf5 33. h5 gxh5 34. Qxh5 Ng6 35. Nf6+ Bxf6 36. exf6 Qd8 37. Qh7+ Kf8 38. Bxb7 Rxb7 39.
Ne4 Nd6 40. Rh2 Ke8 41. Nxd6+ Qxd6 42. Rg2 Qc6 43. Rxg6 fxg6 44. Qe7+ Rxe7 45. fxe7 Kxe7 46. Re1 Rf8 47. Re5 Rf5 48. Re2 Qb7 49. Rh2 Kf6 50. Be1 Qg7 51. Bh4+ Kf7 52. Bg5 Rxg5+ 53. fxg5 Qe5 54. Rf2+ Ke7 55. Kf1 Qxg5 56. Re2 Qc1+ 57. Kg2 g5 58. Rf2 g4 59. Kg3 Qe3+ 60. Kg2 Qxd3 61.
Rf1 Qe2+ 62. Rf2 Qxc4 63. Rc2 Qxc2+ 0-1

[Event "*** Titled Tuesday Blitz"]
[Site "Chess.com"]
[Date "2021.02.16"]
[Round "9"]
[White "beautroll"]
[Black "kidagent"]
[Result "1-0"]
[WhiteElo "2482"]
[BlackElo "2318"]
[TimeControl "180+1"]
[EndTime "11:49:17 PST"]
[Termination "beautroll won on time"]

1. e4 c5 2. Nf3 d6 3. d4 cxd4 4. Nxd4 Nf6 5. Nc3 a6 6. h3 e5 7. Nde2 b5 8. Bg5 Bb7 9. Nd5 Nbd7 10. Nec3 h6 11. Be3 Rc8 12. a4 b4 13. Nxb4 Qa5 14. Nca2 d5 15. exd5 Bxb4+ 16. c3 Bd6 17. b4 Qd8 18. c4 Bb8 19. a5 O-O 20. Be2 e4 21.
Rc1 Ne5 22. Bb6 Qe7 23. O-O Nfd7 24. Bd4 f5 25. Qb3 Kh7 26. c5 f4 27. f3 exf3 28. Bxf3 Nxf3+ 29. Rxf3 Ne5 30. Rff1 f3 31. g3 Qg5 32. Qc2+ Kh8 33. Bf2 Bxd5 34. Nc3 Bc6 35. h4 Qg4 36. Rfe1 Ng6 37. Kh2 Nxh4 38. Ne4 Bxe4 39.
Rxe4 Qf5 40. Rxh4 Qxc2 41. Rxc2 Rce8 42. Kg1 Re2 43. Rxe2 fxe2 44. Re4 Rd8 45. Rxe2 Kh7 46. Kg2 Rd3 47. Re3 Rd2 48. Re4 Rb2 49. Kf3 Bc7 50.
Be3 Rb3 51. Re7 Bd8 52. Rd7 Bf6 53. Rf7 Bg5 54. Rf4 Bxf4 55. gxf4 Rxb4 56. c6 1-0

[Event "*** Titled Tuesday Blitz"]
[Site "Chess.com"]
[Date "2021.02.16"]
[Round "9"]
[White "GLeruste"]
[Black "kamilianin235"]
[Result "1-0"]
[WhiteElo "2459"]
[BlackElo "2198"]
[TimeControl "180+1"]
[EndTime "11:49:17 PST"]
[Termination "GLeruste won on time"]

1. d4 d5 2. Nc3 Nf6 3. Bf4 Bf5 4. e3 e6 5. Nf3 a6 6. Ne5 h5 7. Bd3 Bxd3 8. Qxd3 c5 9. O-O Nc6 10. Nxc6 bxc6 11.
dxc5 Bxc5 12. Rad1 O-O 13. Bg5 Be7 14. Qe2 Rb8 15. b3 Qa5 16. Na4 g6 17. c4 dxc4 18.
Qxc4 Qxg5 19. Qxc6 Qb5 20. Qf3 Qb7 21. Qe2 Rfd8 22.
h3 Rbc8 23. Rxd8+ Rxd8 24. Rc1 Rc8 25. Rd1 Qc6 26. g3 Rd8 27. Rxd8+ Bxd8 28. Qd3 Be7 29. Qe2 Qb5 30. Qc2 Kg7 31. Qb2 Bd6 32.
Qd2 Be5 33. Qc2 Qd5 34. Nb6 Qe4 35. Qe2 h4 36. g4 Qb1+ 37. Kg2 Qe4+ 38. Kg1 Qb7 39.
Nc4 Bc7 40. Qb2 Qb5 41. Qc2 Qd5 42. Qe2 Ne4 43. Qc2 Nd6 44. Nd2 Bb8 45. Qb2+ Kh7 46. Qc2 Nb5 47. Nc4 Qd7 48. a4 Nd6 49. Ne5 Qc7 50.
Qb2 Ne4 51. Nf3 Qc3 52. Ng5+ Kg7 53. Qxc3+ Nxc3 54. Nf3 Nd5 55. Nxh4 Kf6 56. Nf3 Ke7 57. h4 Kd6 58. h5 gxh5 59. gxh5 Nf6 60. h6 Nh7 61. Nd2 Kc5 62. f4 Kb4 63. Ne4 Kxb3 64. Nc5+ Kc3 65. Nd7 Ba7 66. Kf2 Kd3 67. Kf3 Bxe3 68.
Ne5+ Kd2 69. Nxf7 Kc3 70. Nd8 Kb4 71. Nxe6 Bc5 72. f5 Be7 73. Nc7 1-0

[Event "*** Titled Tuesday Blitz"]
[Site "Chess.com"]
[Date "2021.02.16"]
[Round "9"]
[White "IMAghasiyevKamal"]
[Black "Funo09"]
[Result "0-1"]
[WhiteElo "2532"]
[BlackElo "2751"]
[TimeControl "180+1"]
[EndTime "11:49:18 PST"]
[Termination "Funo09 won on time"]

1. d4 d5 2. c4 dxc4 3. e4 Nf6 4. e5 Nd5 5. Bxc4 e6 6. Nf3 a6 7. a4 b6 8. O-O Bb7 9. Qe2 Be7 10. Nc3 Qd7 11.
Nxd5 Bxd5 12. Bxd5 Qxd5 13. Be3 Nc6 14. Rac1 Ra7 15.
Qc2 Nb4 16. Qe2 O-O 17. Rc3 Qd7 18. b3 b5 19. Rcc1 Nd5 20. axb5 axb5 21. Nd2 Rfa8 22.
Ne4 Ra2 23. Qg4 Kh8 24. Bg5 Bf8 25. Qf3 Rb2 26. Ra1 Rba2 27. Rxa2 Rxa2 28. h3 Ra3 29. Bc1 Ra1 30. Ng5 Kg8 31. Qd3 g6 32. Ne4 Be7 33.
Bd2 Rxf1+ 34. Kxf1 Qc6 35. Ke2 Kg7 36. g3 Qb7 37. h4 h6 38. h5 g5 39. f4 gxf4 40. gxf4 Bh4 41. f5 exf5 42. Nc5 Qc6 43. Qxf5 Be7 44.
e6 Nf6 45. exf7 Qg2+ 46. Kd3 Kxf7 47. Qe6+ Kf8 48. Bxh6+ Ke8 49. Be3 Qf1+ 50. Kd2 Qg2+ 51. Kc3 Qf3 52. h6 Nd5+ 53. Kd3 Nf4+ 54. Kd2 Nxe6 55.
Nxe6 Qg2+ 56. Kc3 Kd7 57. h7 Qh3 0-1